Map: [ESL] Waterfall

Players

HateMe - Winner!

  • Race: Zerg Zerg
  • Spawn Location: 1:00

YoungYakov

  • Race: Zerg Zerg
  • Spawn Location: 7:00

Event: DreamHack SC2 Masters 2022 Atlanta (Online)

VOD

Have the link to the VOD?

Description

Time

  • Played on: Oct. 5, 2022, 10:19 a.m.
  • Length: 17:05

All games in this series

Show
View Real Time Build Order
Export as new Build Order

HateMe Zerg - Winner!

Build Orders: Hatch First, Lurkers 

Get SALT Encoding   

  12  0:00  Drone  
  13  0:12  Overlord  
  13  0:16  Drone  
  14  0:30  Drone x2  
  16  0:49  Hatchery  
  15  0:52  Drone  
  15  0:56  Drone  
  17  0:59  Drone  
  18  1:11  Extractor  
  18  1:14  Spawning Pool  
  18  1:17  Drone  
  17  1:21  Drone  
  18  1:27  Drone  
  19  1:38  Drone  
  20  1:56  Drone  
  20  2:01  Queen x2  
  21  2:02  Overlord  
  21  2:03  Drone  
  26  2:12  Drone x2  
  28  2:23  Drone x2  
  30  2:32  Drone  
  30  2:33  Drone  
  32  2:37  Lair  
  32  2:39  Queen  
  34  2:49  Overlord, Evolution Chamber  
  33  2:51  Drone  
  33  2:54  Drone  
  35  3:01  Drone  
  35  3:02  Roach Warren  
  35  3:11  Drone, Overlord  
  35  3:12  Drone x4  
  40  3:18  Zerg Missile Weapons Level 1  
  40  3:19  Drone  
  41  3:21  Drone  
  41  3:23  Drone  
  43  3:27  Drone, Extractor  
  43  3:29  Extractor  
  42  3:37  Drone x2  
  44  3:41  Glial Reconstitution  
  44  3:44  Drone x4  
  44  3:45  Overlord  
  48  3:49  Overlord  
  48  3:52  Roach  
  50  4:04  Roach x3  
  56  4:11  Hatchery  
  55  4:19  Roach x3  
  55  4:20  Overseer  
  61  4:30  Overlord x2  
  61  4:31  Roach x2  
  61  4:34  Overseer  
  61  4:36  Overlord  
  65  4:39  Roach  
  65  4:42  Overlord  
  67  4:45  Overseer  
  67  4:47  Overlord x2  
  67  4:50  Roach  
  69  4:53  Drone x2  
  69  4:54  Overseer  
  71  5:00  Drone x2  
  71  5:05  Overlord  
  73  5:16  Drone x4  
  73  5:20  Zerg Missile Weapons Level 2  
  77  5:24  Drone x5  
  82  5:29  Extractor  
  82  5:32  Overlord  
  82  5:33  Overlord  
  81  5:40  Pneumatized Carapace  
  81  5:41  Drone x3  
  84  5:46  Roach x5  
  84  5:49  Overseer  
  94  5:52  Evolution Chamber  
  94  5:53  Drone  
  94  5:58  Overlord  
  94  5:59  Overlord  
  94  6:00  Roach x3  
  100  6:04  Roach x3  
  100  6:09  Roach x2  
  100  6:10  Overseer  
  110  6:14  Overlord  
  110  6:20  Zerg Ground Armor Level 1  
  110  6:27  Drone x10  
  110  6:31  Extractor  
  110  6:32  Extractor  
  118  6:36  Drone x2  
  128  6:40  Roach x4  
  128  6:45  Roach x3  
  134  6:56  Roach  
  134  6:57  Roach x6  
  146  7:01  Roach  
  146  7:08  Roach x3  
  139  7:11  Roach x3  
  139  7:15  Roach x2  
  133  7:21  Roach x3  
  130  7:24  Roach x3  
  130  7:26  Roach  
  130  7:30  Roach x2  
  130  7:36  Roach  
  119  7:37  Roach  
  119  7:40  Roach x3  
  119  7:41  Roach  
  117  7:48  Roach  
  117  7:50  Roach  
  113  7:54  Queen, Roach  
  111  7:58  Roach  
  111  8:01  Roach  
  111  8:03  Hatchery  
  106  8:06  Roach x3  
  106  8:09  Drone x2  
  118  8:12  Roach  
  118  8:13  Roach  
  118  8:16  Roach  
  118  8:19  Roach x2  
  124  8:22  Overseer  
  124  8:25  Roach  
  126  8:27  Roach  
  126  8:31  Roach x4  
  136  8:37  Roach x2  
  136  8:38  Roach x2  
  144  8:45  Roach x4  
  144  8:46  Hydralisk Den  
  151  8:49  Roach x2  
  150  8:56  Roach  
  150  9:01  Roach x5  
  144  9:06  Roach  
  144  9:07  Roach  
  130  9:11  Roach x3  
  130  9:13  Roach  
  130  9:15  Roach  
  130  9:16  Roach  
  126  9:22  Roach x2  
  120  9:28  Roach x3  
  120  9:32  Roach x2  
  120  9:33  Roach  
  120  9:35  Roach  
  128  9:39  Roach x2  
  128  9:44  Roach x2  
  136  9:48  Roach x2  
  136  9:50  Roach  
  142  9:56  Roach x3  
  148  10:03  Roach x3  
  154  10:11  Overseer  
  154  10:14  Drone x2  
  154  10:15  Drone x5  
  154  10:19  Ravager x3  
  154  10:20  Ravager, Overlord  
  165  10:23  Muscular Augments  
  165  10:25  Drone  
  166  10:38  Overlord  
  166  10:42  Spine Crawler  
  166  10:43  Drone x4, Spine Crawler  
  166  10:45  Overlord  
  166  10:48  Roach x4  
  176  10:53  Infestation Pit  
  176  10:55  Roach x3  
  181  10:58  Roach  
  181  11:02  Roach x2  
  187  11:06  Roach x2  
  187  11:09  Overseer  
  191  11:14  Drone x2  
  191  11:15  Roach x3, Extractor x2  
  197  11:22  Roach  
  197  11:35  Roach x3  
  197  11:37  Roach x2  
  199  11:44  Roach  
  197  11:52  Roach x2  
  200  11:58  Hive  
  200  12:13  Spine Crawler  
  200  12:15  Roach x6  
  183  12:32  Hydralisk x2  
  183  12:33  Hydralisk x6  
  197  12:38  Hydralisk  
  197  12:42  Zerg Ground Armor Level 2  
  197  12:43  Lurker Den  
  198  12:49  Spine Crawler x2  
  196  12:53  Hydralisk x2  
  195  13:11  Hydralisk x4  
  199  13:13  Grooved Spines  
  199  13:17  Hydralisk x5  
  196  13:20  Drone x3  
  196  13:23  Zerg Missile Weapons Level 3, Spine Crawler  
  196  13:26  Hydralisk  
  196  13:27  Hydralisk  
  185  13:34  Hydralisk  
  185  13:35  Hydralisk x2  
  185  13:38  Hydralisk  
  157  13:47  Roach x3  
  153  13:52  Roach x3  
  155  13:59  Seismic Spines  
  155  14:04  Lurker x2  
  155  14:05  Lurker x4  
  155  14:09  Drone x3  
  164  14:10  Drone  
  163  14:35  Hatchery  
  163  14:37  Viper x4  
  170  14:38  Overseer  
  170  14:39  Overseer  
  170  14:40  Drone x4  
  170  14:44  Hydralisk  
  176  14:47  Lurker x2  
  176  14:50  Drone  
  179  15:03  Adaptive Talons  
  179  15:04  Hydralisk x5  
  189  15:16  Hydralisk x4  
  197  15:25  Overseer x2  
  197  15:27  Hydralisk  
  199  15:37  Nydus Network  
  199  15:40  Drone x2  
  200  15:50  Extractor, Spine Crawler  
  200  15:51  Overseer  
  200  15:52  Spine Crawler  
  200  15:56  Lurker x3  
  200  16:01  Extractor  
  191  16:23  Drone  
  191  16:24  Drone x8  
  200  16:31  Hydralisk  
  199  16:43  Spine Crawler  
  190  16:59  Spine Crawler  
Show
View Real Time Build Order
Export as new Build Order

YoungYakov Zerg 

Build Orders: Hatch First, Lurkers 

Get SALT Encoding   

  12  0:00  Drone  
  13  0:12  Overlord  
  13  0:17  Drone  
  14  0:30  Drone  
  14  0:31  Drone  
  16  0:48  Hatchery  
  15  0:51  Drone  
  15  0:55  Drone  
  17  1:09  Spawning Pool  
  16  1:11  Drone  
  16  1:15  Extractor  
  16  1:17  Drone  
  17  1:21  Drone  
  18  1:28  Drone  
  19  1:38  Drone  
  20  1:51  Evolution Chamber  
  20  1:53  Drone  
  20  1:57  Queen  
  20  2:00  Queen  
  24  2:01  Drone  
  24  2:03  Drone  
  26  2:11  Overlord  
  26  2:12  Zergling x2  
  27  2:18  Zerg Missile Weapons Level 1  
  27  2:22  Drone  
  28  2:29  Drone  
  29  2:32  Drone x2  
  31  2:45  Drone x2  
  31  2:47  Queen  
  35  2:53  Roach Warren  
  35  2:55  Overlord  
  35  2:58  Drone  
  35  3:04  Drone  
  35  3:09  Overlord  
  35  3:14  Drone x4  
  35  3:17  Drone x2  
  41  3:25  Evolution Chamber  
  40  3:31  Drone x2  
  42  3:36  Lair  
  42  3:40  Drone  
  42  3:41  Drone x2  
  45  3:49  Hatchery, Extractor  
  45  3:50  Extractor  
  45  3:55  Drone x3  
  45  3:58  Drone x2  
  47  4:03  Overlord  
  47  4:04  Overlord  
  47  4:07  Roach  
  51  4:10  Roach  
  51  4:14  Overlord  
  51  4:16  Spine Crawler  
  50  4:22  Roach x2  
  50  4:23  Roach  
  56  4:26  Roach  
  58  4:32  Drone, Extractor  
  58  4:33  Zerg Missile Weapons Level 2  
  58  4:37  Drone x2  
  60  4:39  Drone  
  60  4:40  Overseer  
  62  4:48  Roach x2  
  66  4:59  Drone x5  
  71  5:02  Overlord  
  71  5:07  Roach x3  
  71  5:11  Roach  
  81  5:14  Roach  
  81  5:16  Overlord  
  81  5:18  Zerg Ground Armor Level 1  
  81  5:21  Overlord  
  81  5:22  Glial Reconstitution  
  81  5:26  Drone x2  
  83  5:28  Roach  
  83  5:30  Roach  
  83  5:33  Roach  
  89  5:35  Overlord  
  89  5:37  Drone  
  89  5:40  Roach  
  89  5:42  Roach  
  94  5:44  Drone x3  
  94  5:48  Drone x2  
  99  5:52  Roach  
  99  5:53  Roach  
  99  5:56  Drone x3  
  106  6:00  Roach x2  
  106  6:03  Overlord  
  110  6:06  Extractor  
  110  6:08  Roach  
  110  6:09  Roach  
  110  6:10  Overlord  
  113  6:16  Overlord  
  113  6:20  Overlord x2  
  113  6:23  Roach x3  
  119  6:26  Drone x2  
  119  6:27  Drone  
  119  6:30  Roach x2  
  126  6:34  Roach x2  
  126  6:35  Extractor  
  126  6:39  Roach x2  
  135  6:40  Roach  
  135  6:44  Roach x2  
  139  6:48  Roach x3  
  139  6:50  Roach x2  
  147  6:57  Roach x3  
  153  7:01  Overlord x2  
  153  7:07  Roach  
  153  7:08  Roach x3, Ravager  
  145  7:13  Roach x3  
  145  7:15  Roach  
  139  7:16  Roach  
  139  7:22  Roach x2  
  135  7:26  Roach x3  
  133  7:31  Roach x2  
  133  7:36  Roach x3  
  133  7:39  Roach x2  
  133  7:41  Roach  
  127  7:45  Roach  
  127  7:46  Roach x2  
  127  7:51  Roach x3  
  131  7:53  Roach  
  131  7:54  Roach  
  131  7:57  Roach x2  
  125  8:00  Roach x2  
  121  8:10  Spire, Roach x3  
  126  8:14  Roach x2  
  126  8:15  Roach  
  126  8:19  Roach  
  137  8:20  Roach, Nydus Network  
  137  8:22  Drone x2  
  137  8:25  Roach x2  
  142  8:32  Roach x3  
  148  8:36  Roach x2  
  148  8:37  Roach  
  154  8:42  Roach  
  154  8:43  Roach x2  
  160  8:51  Roach x5  
  160  8:55  Overlord x2  
  168  9:00  Roach x2  
  152  9:04  Roach x2  
  138  9:11  Roach x2  
  138  9:12  Roach x2  
  138  9:14  Roach  
  138  9:16  Overseer  
  128  9:20  Roach  
  114  9:24  Roach x2  
  114  9:31  Roach  
  114  9:36  Roach x4  
  122  9:42  Nydus Canal  
  122  9:43  Roach  
  122  9:44  Roach  
  126  9:47  Roach  
  126  9:49  Roach  
  126  9:51  Roach  
  132  9:53  Hatchery, Roach  
  132  9:56  Roach  
  135  10:03  Roach x4  
  143  10:13  Roach x4  
  143  10:14  Roach  
  153  10:17  Ravager x5  
  153  10:19  Ravager x2  
  160  10:22  Roach  
  160  10:23  Roach  
  160  10:25  Overseer  
  164  10:29  Drone x3  
  167  10:36  Roach x3  
  167  10:41  Hydralisk Den  
  173  10:42  Drone  
  173  10:43  Drone x3  
  173  10:47  Overlord  
  176  10:50  Overlord  
  176  10:53  Overlord  
  176  11:06  Roach x7  
  176  11:11  Nydus Canal  
  190  11:13  Roach x3  
  196  11:19  Roach x2  
  194  11:34  Roach x2  
  194  11:35  Roach x3  
  194  11:36  Roach x5  
  200  11:49  Roach  
  200  11:52  Infestation Pit  
  200  11:54  Lurker Den  
  198  11:58  Roach x2  
  198  12:02  Roach x3  
  198  12:05  Extractor  
  198  12:06  Extractor  
  198  12:13  Muscular Augments  
  190  12:17  Roach x5  
  175  12:30  Roach  
  175  12:31  Roach x11  
  195  12:41  Hive  
  195  12:46  Nydus Canal  
  195  12:48  Roach x2  
  195  12:50  Pneumatized Carapace  
  192  13:10  Drone x7, Hatchery  
  191  13:18  Roach x4  
  199  13:26  Nydus Canal  
  191  13:37  Roach x3  
  191  13:38  Roach x9  
  163  13:47  Roach x6  
  149  13:58  Nydus Canal  
  149  13:59  Roach x4  
  155  14:04  Hydralisk x2  
  155  14:07  Hydralisk x2  
  163  14:16  Hydralisk  
  163  14:17  Hydralisk x2  
  163  14:22  Seismic Spines  
  169  14:26  Drone x3  
  168  14:31  Hydralisk x4  
  168  14:33  Overseer  
  166  14:39  Lurker  
  166  14:40  Lurker x3  
  170  14:53  Extractor  
  170  14:54  Spore Crawler x2  
  170  14:55  Spore Crawler x2  
  170  14:56  Spine Crawler  
  170  14:57  Drone x2, Extractor  
  170  14:58  Drone  
  166  15:01  Viper x3  
  166  15:05  Viper  
  178  15:19  Lurker  
  178  15:20  Adaptive Talons  
  177  15:29  Overlord x5  
  170  15:47  Overlord  
  170  15:51  Nydus Canal  
  170  15:53  Hatchery  
  166  16:13  Hydralisk  
  166  16:14  Hydralisk x5  
  166  16:15  Overseer  
  166  16:16  Overseer  
  153  16:23  Hydralisk x4  
  158  16:29  Hatchery  
  149  16:35  Drone x2  
  149  16:37  Hydralisk x2  
  149  16:38  Hydralisk  
  153  16:40  Lurker  
  153  16:42  Lurker  
  153  16:43  Lurker x2  
Tags
 
Add a new tag
Caveats
  • Supply blocks, unpowered buildings, or Contaminate may cause inaccurate times.
  • Supply counts are checked every 10 seconds.